 Dungeon Sprint DCSS version 0.19.4-8-ga85b6b9 (webtiles) character file.

1200000 protoss039 the Wrestler (level 14, -35/98 HPs)
             Began as a Gargoyle Gladiator on Feb 13, 2017.
             Was a Follower of Makhleb.
             Annihilated by a meat berserker
             ... wielding a +9 battleaxe
              (58 damage)
             ... in the Dungeon (Sprint VIII: "Arena of Blood").
             The game lasted 00:00:22 (12 turns).

protoss039 the Wrestler (Gargoyle Gladiator)          Turns: 12, Time: 00:00:23

Health: -35/98     AC: 14    Str: 23    XL:     14   Next: 66%
Magic:  14/14      EV: 21    Int: 10    God:    Makhleb [*.....]
Gold:   0          SH:  0    Dex: 10    Spells: 0 memorised, 13 levels left

rFire  . . .     SeeInvis .     k - +∞ Axe of Woe
rCold  . . .     Gourm    .     a - +0 leather armour
rNeg   + . .     Faith    .     (shield currently unavailable)
rPois  ∞         Spirit   .     b - +0 helmet
rElec  +         Reflect  .     (no cloak)
rCorr  .         Harm     .     (no gloves)
MR     +....     NoTele   +     (no boots)
Stlth  +.........               (no amulet)
                                (no ring)
                                (no ring)

@: no status effects
A: big wings, negative energy resistance 1, electricity resistance, unbreathing,
petrification resistance, rot immunity, AC +9
a: Fly, Renounce Religion


You were in the Dungeon.
You worshipped Makhleb.
Makhleb was aware of your devotion.
You were not hungry.

You visited 1 branch

Inventory:

Hand Weapons
 k - the +∞ Axe of Woe (weapon)
   (You found it in the Dungeon)
Missiles
 c - 3 throwing nets (quivered)
Armour
 a - a +0 leather armour (worn)
 b - a +0 helmet (worn)
Scrolls
 j - a scroll of blinking
Potions
 e - a potion of curing
 f - a potion of heal wounds
 g - a potion of haste
 h - 2 potions of magic
 i - a potion of berserk rage
Comestibles
 d - a bread ration


   Skills:
 + Level 15.6 Fighting
 + Level 7.2 Axes
 + Level 12.4 Throwing
 + Level 4.0 Armour
 + Level 19.3 Dodging
 + Level 22.8 Unarmed Combat


You had 13 spell levels left.
You didn't know any spells.

Dungeon Overview and Level Annotations

Branches:
Dungeon (1/1)

Altars:
Makhleb


Innate Abilities, Weirdness & Mutations

You are resistant to torment.
Your stone body is resilient. (AC +9)
You are immune to poison.
Your large and strong wings let you fly indefinitely.
You resist negative energy. (rN+)
You are resistant to electric shocks. (rElec)
You can survive without breathing.
You are immune to petrification.
You are immune to rotting.


Message History

Your Throwing skill gained 2 levels and is now at level 11!
Your Armour skill gained 3 levels and is now at level 3!
Your Dodging skill gained 3 levels and is now at level 18!
Your Unarmed Combat skill gained 4 levels and is now at level 21!
You have reached level 13!
You have reached level 14!
Your wings grow larger and stronger.
You slash the bag of meat!
You butcher the bag of meat messily.
You kill the bag of meat!
Makhleb accepts your kill.
Your Fighting skill increases to level 15!
Your Axes skill increases to level 7!
Your Throwing skill increases to level 12!
Your Armour skill increases to level 4!
Your Dodging skill increases to level 19!
Your Unarmed Combat skill increases to level 22!
You hear a shout! x11
The meat berserker hits you with a +9 battleaxe!!!
Ouch! That really hurt!
You die...

.. ..... #.
...# #.. ...# .
.###.. ...###..
......###......
......_.....
#...)o# #_.o.@#
#....O#
......_.o...
......###......
.###.. o..###..
#.. O..# . #.
.o.# .. ....O


You could see 3 meat berserkers and 5 bags of meat.

Vanquished Creatures
  An ogre (D)
  2 orcs (D)
3 creatures vanquished.

Notes
Turn   | Place    | Note
-------+----------+-------------------------------------------
     0 | D        | protoss039 the Gargoyle Gladiator began the quest for the Orb.
     0 | D        | Reached XP level 1. HP: 12/12 MP: 1/1
     3 | D        | Became a worshipper of Makhleb the Destroyer
     4 | D        | Noticed a bag of meat
     6 | D        | Noticed a bag of meat
    10 | D        | Noticed a bag of meat
    10 | D        | Noticed a bag of meat
    11 | D        | Noticed a meat berserker
    11 | D        | Noticed a bag of meat
    11 | D        | Killed a bag of meat
    11 | D        | Reached skill level 15 in Dodging
    11 | D        | Reached skill level 17 in Unarmed Combat
    11 | D        | Reached XP level 2. HP: 29/29 MP: 2/2
    11 | D        | Reached XP level 3. HP: 34/34 MP: 3/3
    11 | D        | Reached XP level 4. HP: 40/40 MP: 4/4
    11 | D        | Reached XP level 5. HP: 44/44 MP: 5/5
    11 | D        | Reached XP level 6. HP: 49/49 MP: 6/6
    11 | D        | Reached XP level 7. HP: 54/54 MP: 7/7
    11 | D        | Reached XP level 8. HP: 60/60 MP: 8/8
    11 | D        | Reached XP level 9. HP: 64/64 MP: 9/9
    11 | D        | Reached XP level 10. HP: 70/70 MP: 10/10
    11 | D        | Reached XP level 11. HP: 75/75 MP: 11/11
    11 | D        | Reached XP level 12. HP: 80/80 MP: 12/12
    12 | D        | Noticed a meat berserker
    12 | D        | Noticed a bag of meat
    12 | D        | Noticed a meat berserker
    12 | D        | Killed a meat berserker
    12 | D        | Reached * piety under Makhleb
    12 | D        | Reached skill level 21 in Unarmed Combat
    12 | D        | Reached XP level 13. HP: 21/91 MP: 13/13
    12 | D        | Gained mutation: Your large and strong wings let you fly indefinitely. [Gargoyle growth]
    12 | D        | Reached XP level 14. HP: 22/96 MP: 14/14
    12 | D        | Killed a bag of meat
    12 | D        | Reached skill level 15 in Fighting
    12 | D        | Reached skill level 22 in Unarmed Combat
    12 | D        | Annihilated by a meat berserker

Skill      XL: |  1  2  3  4  5  6  7  8  9 10 11 12 13 14 |
---------------+-------------------------------------------+-----
Fighting       | 11 14 15 | 15.6
Axes           | 3 6 7 |  7.2
Throwing       | 9 11 12 | 12.4
Dodging        | 15 18 19 | 19.3
Unarmed Combat | 17 21 22 | 22.8
Armour         | 3 4 |  4.0

Action                   |  1- 3 |  4- 6 |  7- 9 | 10-12 | 13-15 || total
-------------------------+-------+-------+-------+-------+-------++-------
Melee: Executioner's axe |     1 |       |       |     1 |       ||     2
